 Dungeon Crawl Stone Soup version 0.17-a0-1951-g62301d3 (webtiles) character file.

133 Gargoyl the Skirmisher (level 4, 0/36 HPs)
             Began as a Demonspawn Abyssal Knight on Oct 3, 2015.
             Was a Believer of Lugonu.
             Slain by an orc
             ... wielding a +0 hand axe
              (3 damage)
             ... on level 3 of the Dungeon.
             The game lasted 00:04:36 (2729 turns).

Gargoyl the Skirmisher (Demonspawn Abyssal Knight)  Turns: 2729, Time: 00:04:37

Health: 0/36       AC: 10    Str: 12 (14) XL:     4   Next: 93%
Magic:  4/5        EV:  4    Int: 13      God:    Lugonu [**....]
Gold:   41         SH: 11    Dex: 11      Spells: 0 memorised, 3 levels left

rFire  . . .     SeeInvis .     a - +1 hand axe
rCold  + . .     Clarity  .     j - +0 scale mail
rNeg   + . .     SustAt   .     e - +0 large shield
rPois  .         Gourm    .     (no helmet)
rElec  .         Spirit   .     (no cloak)
rCorr  .         Warding  +     (no gloves)
rMut   .         Stasis   .     (no boots)
MR     .....                    g - amulet of warding
Stlth  ..........               (no ring)
                                (no ring)

@: slowed, very slow, not resistant to hostile enchantments, extremely
unstealthy
A: rough black scales 1, cold resistance 1
a: Depart the Abyss, Bend Space, Renounce Religion


You were on level 3 of the Dungeon.
You worshipped Lugonu.
Lugonu was pleased with you.
You were not hungry.

You visited 1 branch of the dungeon, and saw 3 of its levels.
You visited the Abyss 1 time.

You collected 41 gold pieces.

Inventory:

Hand weapons
 a - a +1 hand axe (weapon)
 h - a +0 morningstar
Armour
 e - a +0 large shield (worn)
 j - a +0 scale mail (worn)
Jewellery
 d - an uncursed amulet of resist mutation
 g - an amulet of warding (around neck)
Scrolls
 i - a scroll of immolation {unknown}
 k - a scroll of remove curse {unknown}
 l - 3 scrolls of identify {unknown}
 m - 3 scrolls of blinking {unknown}
 o - a scroll of teleportation {unknown}
 p - 3 scrolls of enchant weapon {unknown}
Comestibles
 b - a beef jerky
 f - a slice of pizza


   Skills:
 + Level 3.6 Fighting
 + Level 2.0 Axes
 + Level 2.2 Armour
 + Level 2.1 Dodging
 + Level 2.2 Shields
 + Level 2.6 Invocations


You had 3 spell levels left.
You didn't know any spells.

Dungeon Overview and Level Annotations

Branches:
Dungeon (3/15)

Altars:
Xom
The Shining One


Innate Abilities, Weirdness & Mutations

You are partially covered in rough black scales (AC +4, Dex -1).
Your flesh is cold resistant.


Message History

The orc wizard mumbles some strange words.
The orc wizard blinks!
The orc wizard mumbles some strange words.
The orc wizard seems to speed up.
The orc hits you with a short sword.
* * * LOW HITPOINT WARNING * * *
You hit the orc wizard.
The orc wizard is moderately wounded.
You hit the orc.
The orc is heavily wounded.
The orc wizard mumbles some strange words.
The orc wizard blinks!
The orc hits you but does no damage. You block the orc's attack.
You aren't carrying any potions.
You closely miss the orc.
The orc is heavily wounded.
The orc wizard hits you but does no damage.
The orc hits you but does no damage.
The orc wizard hits you but does no damage.
The orc hits you with a hand axe.
You die...

## #. #. # ### #. . ..#
#.###. #. #.# .# #..... # #.
#.# #.# ####. #. #.###o#
###.### #. #. #..##@#
#.....# #. #.####.##o#
#.....# ##. #....w..wo#
#.....## ##..
####<[.....####......####...
+.........((............+...
####.......####.....)..##...
##.#...## #.#.#.##.###..
#.##### #.#.####.# ##. #.#
#.#..# #.# ##


You could see a worm, an orc wizard and 2 orcs.

Vanquished Creatures
  Terence (D:2)
  3 adders
  3 gnolls (D:2)
  2 giant geckos
  2 orcs (D:3)
  4 giant cockroaches
  5 goblins
  7 hobgoblins
  7 jackals
  4 bats
  2 giant newts
  3 kobolds
  6 rats
49 creatures vanquished.

Notes
Turn   | Place    | Note
--------------------------------------------------------------
     0 | Abyss:1  | Gargoyl the Demonspawn Abyssal Knight began the quest for the Orb.
     0 | Abyss:1  | Reached XP level 1. HP: 18/18 MP: 2/2
    86 | Abyss:1  | Noticed a hell hog
   138 | Abyss:1  | Noticed a brown very ugly thing
   165 | Abyss:1  | Noticed an ancient zyme
   166 | Abyss:1  | Noticed a large abomination
   173 | D:1      | Escaped the Abyss
   685 | D:1      | Reached skill level 1 in Dodging
   717 | D:1      | Gained mutation: Your flesh is cold resistant. [demonic ancestry]
   717 | D:1      | Reached XP level 2. HP: 24/24 MP: 3/3
   762 | D:1      | Acquired Lugonu's first power
  1182 | D:2      | Found a shimmering altar of Xom.
  1369 | D:2      | Noticed Terence
  1374 | D:2      | Reached skill level 1 in Shields
  1374 | D:2      | Reached XP level 3. HP: 14/29 MP: 4/4
  1386 | D:2      | HP: 1/29 [Terence/morningstar (4)]
  1394 | D:2      | Killed Terence
  1847 | D:2      | Gained mutation: You are partially covered in rough black scales (AC +4, Dex -1). [demonic ancestry]
  1847 | D:2      | Reached XP level 4. HP: 28/36 MP: 5/5
  2172 | D:2      | Acquired Lugonu's second power
  2339 | D:2      | Found a glowing golden altar of the Shining One.
  2729 | D:3      | Slain by an orc

Vault maps used:
D:1:      ncdulo_halloftheorcs
D:2:      overflow_temple_1_default, tso_oasis_becter, uniq_terence
D:3:      okawaru_ov_weapons_minmay
Abyss:1:  guppyfry_abyss_exit_spiral_guarded

Action                   |  1- 3 |  4- 6 || total
-------------------------+-------+-------++-------
Melee: Hand axe          |   132 |    93 ||   225
Invok: Depart the Abyss  |     1 |       ||     1
       Bend Space        |       |     1 ||     1
  Use: Potion            |     4 |     1 ||     5
  Eat: Bread ration      |     1 |     1 ||     2
